 Dungeon Crawl Stone Soup version 0.32-a0-616-g9348d4545b (webtiles) character file.

Game seed: 388524321375312185

101 ytrimaz the Charlatan (level 4, -1/32 HPs)
             Began as a Coglin Artificer on Mar 6, 2024.
             Slain by a ball python (2 damage)
             ... on level 3 of the Dungeon.
             The game lasted 00:02:33 (2003 turns).

ytrimaz the Charlatan (Coglin Artificer)            Turns: 2003, Time: 00:02:34

Health: -1/32      AC:  3    Str: 15    XL:     4   Next: 75%
Magic:  1/1        EV:  1    Int: 10    God:
Gold:   43         SH:  0    Dex: 14    Spells: 3/3 levels left

rFire   . . .        f - +0 dagger (spect) {Busisiwe}
rCold   . . .        g - +1 dagger (antimagic) {Aiguo}
rNeg    . . .        b - +0 leather armour
rPois   .            (no helmet)
rElec   .            (no cloak)
rCorr   .            (no gloves)
SInv    .            (no boots)
Will    .....        (amulet unavailable)
Stlth   +            (ring unavailable)
HPRegen 0.25/turn    (ring unavailable)
MPRegen 0.07/turn    (no gizmo)

%: no passive effects
@: constricted, revved
A: off-hand wielding, slow wielding, warmup strikes, no jewellery
a: Invent Gizmo


You were on level 3 of the Dungeon.
You visited 1 branch of the dungeon, and saw 3 of its levels.

You collected 43 gold pieces.


Innate Abilities, Weirdness & Mutations

You can wield a second weapon in your off-hand.
It takes a long time for you to wield or remove held weapons.
Your first few attacks do less damage.
You cannot equip rings or amulets.


   Skills:
 - Level 1.0 Fighting
 + Level 2.2 Axes
 - Level 1.7 Armour
 - Level 0.8 Dodging
 - Level 0.7 Stealth
 * Level 6.2 Evocations


You had 3 spell levels left.
You didn't know any spells.
Your spell library contained the following spells:

 Spells                   Type           Power      Damage    Failure   Level
 Apportation              Tloc           0%         N/A       43%         1
 Jinxbite                 Hex            0%         N/A       56%         2
 Call Canine Familiar     Summ           0%         N/A       80%         3
 Sigil of Binding         Hex            0%         N/A       80%         3
 Dimensional Bullseye     Hex/Tloc       0%         N/A       99%         4
 Alistair's Intoxication  Alch           0%         N/A       100%        5
 Sculpt Simulacrum        Ice/Alch       0%         N/A       100%        6
 Ozocubu's Refrigeration  Ice            0%         4d7       100%        7
 Polar Vortex             Ice            0%         N/A       100%        9

Inventory:

Hand Weapons
 f - a +0 spectral dagger (weapon) {Busisiwe}
 g - a +1 antimagic dagger (offhand) {Aiguo}
   (You found it on level 1 of the Dungeon)
Armour
 b - a +0 leather armour (worn)
Wands
 c - a wand of flame (14)
 d - a wand of charming (15)
 e - a wand of iceblast (3) (quivered)
Scrolls
 a - a scroll of fear {unknown}
Potions
 h - a potion of brilliance {unknown}
 n - a potion of might

Dungeon Overview and Level Annotations

Branches:
Dungeon (3/15) Zot: 15967

Altars:

#.##..## ## .......
..# ##.....##...#
#####.......#...#
#................
#>.....)......# #.
#..<....S(....#
#.####.##....@..# #
#..............##
#.#. .......#...##
#.#.#####......#$##
#.......†...........
#......†.#...#.###
#..######.###.##
#..# ##.# ## #..#
#.#


You could see a ball python and a friendly +0 spectral dagger {Busisiwe}.


Message History

Your +0 spectral dagger {Busisiwe} hits the ribbon worm but does no damage.
The ball python misses you. The ball python grabs you.
The ball python constricts you.
The ribbon worm bites you but does no damage. 😮 HP[-1]
You take 1 damage, and now have 24/32 hp.
You are too injured to fight recklessly!
You hit the ribbon worm but do no damage.
You hit the ribbon worm with your +0 spectral dagger.
Your +0 spectral dagger {Busisiwe} hits the ribbon worm but does no damage.
The ball python bites you but does no damage.
The ball python constricts you.
You are too injured to fight recklessly!
You hit the ribbon worm with your +0 spectral dagger.
You hit the ribbon worm with your +1 antimagic dagger.
You kill the ribbon worm!
The ball python bites you but does no damage.
The ball python constricts you.
The ball python bites you but does no damage.
The ball python constricts you. 😮 HP[-2]
You take 2 damage, and now have 22/32 hp.
Unknown command.
The ball python's grasp on you weakens, but your attempt to escape fails.
Your +0 spectral dagger {Busisiwe} disappears.
The ball python bites you but does no damage.
The ball python constricts you. 😮 HP[+1] Unknown command.
The ball python's grasp on you weakens, but your attempt to escape fails.
The ball python bites you.
The ball python constricts you. 😮 HP[-3]
You take 3 damage, and now have 20/32 hp.
You hit the orc with your +0 spectral dagger.
You closely miss the orc with your +1 antimagic dagger.
Your +0 spectral dagger {Busisiwe} hits the orc but does no damage.
The ball python bites you but does no damage.
The ball python constricts you. The orc hits you with a +0 short sword.
* * * LOW HITPOINT WARNING * * *
😨 HP[-4]
You take 4 damage, and now have 16/32 hp.
Unknown command.
You are too injured to fight recklessly!
You closely miss the orc with your +0 spectral dagger.
You closely miss the orc with your +1 antimagic dagger.
Your +0 spectral dagger {Busisiwe} hits the orc but does no damage.
The ball python bites you.
* * * LOW HITPOINT WARNING * * *
The ball python constricts you.
* * * LOW HITPOINT WARNING * * *
The orc hits you with a +0 short sword.
* * * LOW HITPOINT WARNING * * *
😨 HP[-5]
You take 5 damage, and now have 11/32 hp.
You are too injured to fight recklessly!
You barely miss the orc with your +0 spectral dagger.
You barely miss the orc with your +1 antimagic dagger.
Your +0 spectral dagger {Busisiwe} hits the orc but does no damage.
The ball python bites you.
* * * LOW HITPOINT WARNING * * *
The ball python constricts you.
* * * LOW HITPOINT WARNING * * *
The ball python bites you but does no damage.
The ball python constricts you.
* * * LOW HITPOINT WARNING * * *
The orc hits you with a +0 short sword.
* * * LOW HITPOINT WARNING * * *
Unknown command. 😱 HP[-4]
You take 4 damage, and now have 7/32 hp.
You hit the orc but do no damage. x2
Your +0 spectral dagger {Busisiwe} hits the orc but does no damage.
The ball python bites you.
* * * LOW HITPOINT WARNING * * *
The ball python constricts you.
* * * LOW HITPOINT WARNING * * *
The orc hits you with a +0 short sword.
* * * LOW HITPOINT WARNING * * *
You are too injured to fight recklessly! 😱 HP[-3]
You take 3 damage, and now have 4/32 hp.
Unknown command.
You hit the orc but do no damage.
You hit the orc with your +1 antimagic dagger.
Your +0 spectral dagger {Busisiwe} hits the orc.
The ball python bites you.
* * * LOW HITPOINT WARNING * * *
The ball python constricts you.
The orc hits your +0 spectral dagger {Busisiwe} with a +0 short sword.
Your spectral weapon shares its damage with you!
* * * LOW HITPOINT WARNING * * *
😱 HP[-3]
You take 3 damage, and now have 1/32 hp.
Unknown command.
You completely miss the orc with your +0 spectral dagger.
You hit the orc with your +1 antimagic dagger.
You kill the orc!
The ball python bites you.
You die...

Skill      XL: |  1  2  3  4 |
---------------+-------------+-----
Axes           | 1 2 |  2.2
Evocations     | 5 6 |  6.2
Fighting       | |  1.0
Armour         | |  1.7
Dodging        | |  0.8
Stealth        | |  0.7

Action                     |  1- 3 |  4- 6 || total
---------------------------+-------+-------++-------
  Melee: Club              |    89 |    35 ||   124
         Dagger            |    82 |    66 ||   148
  Evoke: Wand              |     2 |     1 ||     3
    Use: Potion            |     1 |       ||     1
         Scroll            |       |     6 ||     6
   Stab: Sleeping          |     2 |       ||     2
 Armour: Leather armour    |    64 |    60 ||   124
         Skin              |     9 |       ||     9
  Dodge: Dodged            |    64 |    33 ||    97

Levels and vault maps discovered:
D:1:      dpeg_arrival_arbitrary_b, layout_loops_ring, roderic_st_hans_cross,
          serial_bayou_ford_a
D:2:      layout_loops_corners
D:3:      layout_loops_ring

Notes
Turn   | Place    | Note
-------+----------+-------------------------------------------
     0 | D:1      | ytrimaz the Coglin Artificer began the quest for the Orb.
     0 | D:1      | Reached XP level 1. HP: 15/15 MP: 1/1
     0 | D:1      | magus.rc [v1.9.6]
    40 | D:1      | HP: 3/15 [ball python (2)]
   103 | D:1      | You pick up a book of the Hunter and begin reading...
   103 | D:1      | You add the spells Sigil of Binding, Call Canine Familiar
                  | and Dimensional Bullseye to your library.
   131 | D:1      | Reached XP level 2. HP: 18/21 MP: 2/2
   174 | D:1      | Reached skill level 1 in Axes
   478 | D:1      | Reached skill level 5 in Evocations
   478 | D:1      | Reached XP level 3. HP: 19/26 MP: 1/3
   712 | D:1      | You pick up a book of Party Tricks and begin reading...
   712 | D:1      | You add the spells Apportation, Jinxbite and Alistair's
                  | Intoxication to your library.
   751 | D:1      | You pick up a book of Ice and begin reading...
   751 | D:1      | You add the spells Sculpt Simulacrum, Ozocubu's
                  | Refrigeration and Polar Vortex to your library.
  1118 | D:2      | Reached XP level 4. HP: 22/32 MP: 1/4
  1119 | D:2      | Reached skill level 2 in Axes
  1568 | D:2      | Reached skill level 6 in Evocations
  2000 | D:3      | HP: 8/32 [constriction (1)]
  2002 | D:3      | HP: 2/32 [ball python (2)]
  2003 | D:3      | Slain by a ball python

Vanquished Creatures
  4 gnolls (D:2)
  2 ribbon worms
  An orc (D:3)
  8 ball pythons
  4 endoplasms (D:1)
  5 giant cockroaches
  6 goblins
  4 hobgoblins
  6 jackals
  2 quokkas (D:1)
  4 bats
  2 frilled lizards
  3 kobolds (D:1)
  4 rats
55 creatures vanquished.

Table legend:
 A = Non-vault XP
 B = Vault XP
 C = Vault XP percentage of total XP
 D = Non-vault monster count
 E = Vault monster count
 F = Vault count percentage of total count
                 A         B        C        D         E       F
            +---------+---------+-------+---------+---------+-------
      Total |     148 |       0 |   0.0 |      55 |       0 |   0.0
            +---------+---------+-------+---------+---------+-------
        D:1 |      51 |       0 |   0.0 |      30 |       0 |   0.0
        D:2 |      82 |       0 |   0.0 |      18 |       0 |   0.0
        D:3 |      15 |       0 |   0.0 |       7 |       0 |   0.0
            +---------+---------+-------+---------+---------+-------

Skill      XL: |  1  2  3  4 |
---------------+-------------+-----
Axes           | 1 2 |  2.2
Evocations     | 5 6 |  6.2
Fighting       | |  1.0
Armour         | |  1.7
Dodging        | |  0.8
Stealth        | |  0.7

Action                     |  1- 3 |  4- 6 || total
---------------------------+-------+-------++-------
  Melee: Club              |    89 |    35 ||   124
         Dagger            |    82 |    66 ||   148
  Evoke: Wand              |     2 |     1 ||     3
    Use: Potion            |     1 |       ||     1
         Scroll            |       |     6 ||     6
   Stab: Sleeping          |     2 |       ||     2
 Armour: Leather armour    |    64 |    60 ||   124
         Skin              |     9 |       ||     9
  Dodge: Dodged            |    64 |    33 ||    97

Illustrated notes

Table legend:
 A = Kills in this place as a percentage of kills in the entire game.
 B = Kills by you in this place as a percentage of kills by you in the entire game.
 C = Kills by friends in this place as a percentage of kills by friends in the entire game.
 D = Other kills in this place as a percentage of other kills in the entire game.
 E = Experience gained in this place as a percentage of experience gained in the entire game.
 F = Experience gained in this place divided by the number of levels of this place that you have seen.
                   A       B       C       D       E      F
               +-------+-------+-------+-------+-------+----------------------
         Total | 100.0 | 100.0 |   N/A |   N/A | 100.0 |  49.3
       Dungeon | 100.0 | 100.0 |   N/A |   N/A | 100.0 |  49.3
               +-------+-------+-------+-------+-------+----------------------

Table legend: (Time is in decaauts)
 A = Elapsed time spent in this place.
 B = Non-inter-level travel time spent in this place.
 C = Inter-level travel time spent in this place.
 D = Time resting spent in this place.
 E = Time spent auto-exploring this place.
 F = Levels seen in this place.
 G = Mean time per level.
                   A        B        C        D        E       F      G
               +--------+--------+--------+--------+--------+-----+--------+
         Total |   2032 |   1988 |     44 |     25 |   1549 |   3 |  677.3 |
       Dungeon |   2032 |   1988 |     44 |     25 |   1549 |   3 |  677.3 |
               +--------+--------+--------+--------+--------+-----+--------+

Top non-repeatable levels by time:
     D:1: 991 daAuts
     D:2: 976 daAuts
     D:3: 64 daAuts
